 Dungeon Crawl Stone Soup version 0.28-a0-1506-g3893175d92 (webtiles) character file.

Game seed: 15959524977069594961

23 HallandMoats the Skirmisher (level 2, 0/27 HPs)
             Began as a Ghoul Monk on Jan 14, 2022.
             Was a Priest of Nemelex Xobeh.
             Slain by a kobold (3 damage)
             ... on level 1 of the Dungeon.
             The game lasted 00:01:45 (1174 turns).

HallandMoats the Skirmisher (Ghoul Monk)            Turns: 1174, Time: 00:01:45

Health: 0/27       AC:  2    Str: 14    XL:     2   Next: 95%
Magic:  1/1        EV: 12    Int:  5    God:    Nemelex Xobeh [***...]
Gold:   20         SH:  0    Dex: 11    Spells: 1/1 levels left

rFire   . . .      SeeInvis .   a - +0 falchion
rCold   + . .      Faith    .   (no shield)
rNeg    + + +      Spirit   .   b - +0 robe
rPois   ∞          Reflect  .   (no helmet)
rElec   .          Harm     .   (no cloak)
rCorr   .          Rampage  .   (no gloves)
Will    .....                   (no boots)
Stlth   ++........              (no amulet)
HPRegen 0.00/turn               (no ring)
MPRegen 0.07/turn               (no ring)

@: inhibited regen
A: claws 1, cold resistance 1, negative energy resistance 3, inhibited
regeneration, torment resistance 2
a: Renounce Religion, Draw Escape, Draw Destruction, Draw Summoning, Triple Draw


You were on level 1 of the Dungeon.
You worshipped Nemelex Xobeh.
Nemelex Xobeh was most pleased with you.
You visited 1 branch of the dungeon, and saw 1 of its levels.

You collected 20 gold pieces.

Inventory:

Hand Weapons
 a - a +0 falchion (weapon)
Armour
 b - a +0 robe (worn)
Scrolls
 c - a scroll of identify {unknown}


   Skills:
 * Level 3.7 Fighting
 * Level 3.0 Long Blades
 + Level 0.5 Armour
 + Level 2.9 Dodging
 - Level 2.1 Stealth


You had one spell level left.
You didn't know any spells.
Your spell library was empty.

Dungeon Overview and Level Annotations

Branches:
Dungeon (1/15)

Altars:
Nemelex Xobeh

Shops:
D:1 =


Innate Abilities, Weirdness & Mutations

You thrive by killing the living.
You are immune to poison.
You have sharp fingernails.
Your flesh is cold resistant. (rC+)
You are immune to negative energy. (rN+++)
You do not regenerate when monsters are visible.
You are immune to unholy pain and torment.


Message History

The kobold barely misses you. The kobold hits you with a +0 dagger.
The kobold hits you with a +0 dagger. The kobold closely misses you.
The kobold hits you with a +0 dagger. The kobold hits you but does no damage.
The kobold hits you but does no damage. The kobold misses you.
The kobold hits you with a +0 dagger. The kobold barely misses you.
The kobold hits you with a +0 dagger. The kobold hits you but does no damage.
The kobold hits you but does no damage. The kobold closely misses you.
The kobold misses you. The kobold barely misses you.
The kobold hits you with a +0 dagger. The kobold closely misses you.
The kobold closely misses you. The kobold misses you.
The kobold hits you with a +0 dagger. The kobold hits you with a +0 dagger.
The kobold barely misses you. The kobold hits you but does no damage.
The kobold barely misses you. The kobold hits you with a +0 dagger.
The kobold misses you. The kobold hits you with a +0 dagger.
The kobold hits you with a +0 dagger.
* * * LOW HITPOINT WARNING * * *
The kobold completely misses you. The kobold completely misses you.
The kobold hits you with a +0 dagger.
* * * LOW HITPOINT WARNING * * *
The kobold hits you with a +0 dagger.
* * * LOW HITPOINT WARNING * * *
The kobold hits you but does no damage. The kobold hits you with a +0 dagger.
You die...
Your body disappears without a glow.

####### ......#
############ ......#
##########..........#
......#
....................#
......#
.......@K...........####
......#
....................+...
......#
....................##..
......#
########+#..........##..
.###### ##########.....
)# #..... .##### #.....
.)...# #.....
####.######## #.....


You could see a kobold.

Vanquished Creatures
  A dart slug (D:1)
  2 ball pythons (D:1)
  A bat (D:1)
  An endoplasm (D:1)
  A giant cockroach (D:1)
  4 hobgoblins (D:1)
  A frilled lizard (D:1)
  4 goblins (D:1)
  A kobold (D:1)
  3 rats (D:1)
19 creatures vanquished.

Notes
Turn   | Place    | Note
-------+----------+-------------------------------------------
     0 | D:1      | HallandMoats the Ghoul Monk began the quest for the Orb.
     0 | D:1      | Reached XP level 1. HP: 19/19 MP: 0/0
   241 | D:1      | Reached XP level 2. HP: 6/26 MP: 1/1
   818 | D:1      | Found a faded altar of an unknown god.
   837 | D:1      | Prayed at the altar of an unknown god.
   837 | D:1      | Became a worshipper of Nemelex Xobeh the Trickster
   837 | D:1      | Reached * piety under Nemelex Xobeh
   837 | D:1      | Received a gift from Nemelex Xobeh
   837 | D:1      | Reached ** piety under Nemelex Xobeh
   837 | D:1      | Received a gift from Nemelex Xobeh
  1125 | D:1      | Found Kedd's Jewellery Emporium.
  1130 | D:1      | Reached *** piety under Nemelex Xobeh
  1174 | D:1      | Slain by a kobold

Illustrated notes

Levels and vault maps discovered:
D:1:      dpeg_arrival_simpleton_b, layout_basic,
          hellmonk_ecumenical_altar_run_dry, serial_shops, shop,
          minmay_pentomino_r2

Skill      XL: |  1  2 |
---------------+-------+-----
Long Blades    | 3 |  3.0
Fighting       | |  3.7
Armour         | |  0.5
Dodging        | |  2.9
Stealth        | |  2.1

Action                   || total
-------------------------++-------
Melee: Falchion          ||    44
       Punch             ||     1
Armor: Robe              ||    12
Dodge: Dodged            ||    49

Table legend: (Time is in decaauts)
 A = Elapsed time spent in this place.
 B = Non-inter-level travel time spent in this place.
 C = Inter-level travel time spent in this place.
 D = Time resting spent in this place.
 E = Time spent auto-exploring this place.
 F = Levels seen in this place.
 G = Mean time per level.
                   A        B        C        D        E       F      G
               +--------+--------+--------+--------+--------+-----+--------+
         Total |   1181 |   1181 |      0 |    431 |    572 |   1 | 1181.0 |
       Dungeon |   1181 |   1181 |      0 |    431 |    572 |   1 | 1181.0 |
               +--------+--------+--------+--------+--------+-----+--------+

Top non-repeatable levels by time:
     D:1: 1181 daAuts
